 Dungeon Crawl Stone Soup version 0.31.0-9-g3a7656b989 (webtiles) character file.

Game seed: 12802242392573860259

7 SnakkuSnakku7 the Sneak (level 2, -11/24 HPs)
             Began as a Formicid Delver on Jan 25, 2024.
             Mangled by Blork the orc
             ... wielding a +5 scimitar of protection
              (19 damage)
             ... on level 5 of the Dungeon.
             The game lasted 00:00:26 (160 turns).

SnakkuSnakku7 the Sneak (Formicid Delver)            Turns: 160, Time: 00:00:26

Health: -11/24     AC:  3    Str: 16    XL:     2   Next: 10%
Magic:  2/2        EV: 12    Int:  9    God:
Gold:   11         SH:  0    Dex: 15    Spells: 1/1 levels left

rFire   . . .        a - +0 mace
rCold   . . .        (no shield)
rNeg    . . .        b - +0 leather armour
rPois   .            (helmet unavailable)
rElec   .            (no cloak)
rCorr   .            (no gloves)
SInv    +            (no boots)
Will    .....        (no amulet)
Stlth   +++          (no ring)
HPRegen 0.24/turn    (no ring)
MPRegen 0.08/turn

%: no passive effects
@: no status effects
A: permanent stasis, dig shafts and tunnels, antennae 3, four strong arms
a: Dig, Shaft Self


You were on level 5 of the Dungeon.
You visited 1 branch of the dungeon, and saw 1 of its levels.

You collected 11 gold pieces.

Inventory:

Hand Weapons
 a - a +0 mace (weapon)
Armour
 b - a +0 leather armour (worn)
Wands
 f - a wand of digging (3)
Scrolls
 c - a scroll of fog
 d - a scroll of revelation
 e - a scroll of fear


   Skills:
 - Level 3.2 Fighting
 + Level 2.7 Maces & Flails
 - Level 1.7 Dodging
 - Level 6.0 Stealth


You had one spell level left.
You didn't know any spells.
Your spell library was empty.

Dungeon Overview and Level Annotations

Branches:
Dungeon (5/15)
 Temple: D:4-7

Altars:
Yredelemnul

Annotations:
D:5 Blork the orc, Edmund


Innate Abilities, Weirdness & Mutations

You cannot be hasted, slowed, berserked, paralysed or teleported.
You can dig through walls and to a lower floor.
You have a pair of large antennae on your head. (SInv)
Your four strong arms can wield two-handed weapons with a shield.


Message History

Found 11 gold pieces.
Found a stone staircase leading down.
You now have 11 gold pieces.
You sense a monster nearby.
A shadow imp comes into view.
The shadow imp shouts, "Begone, thou odious flat-headed tiddler!"
Edmund the Younger comes into view.
He is wielding a +2 dire flail of distortion.
Unknown command.
You start waiting.
A shadow imp is nearby!
You barely miss the shadow imp. The shadow imp hits you.
You hit the shadow imp but do no damage.
The shadow imp hits you but does no damage.
You barely miss the shadow imp. The shadow imp hits you.
You thump the shadow imp!
The shadow imp is severely wounded.
The shadow imp laughs crazily.
The shadow imp hits you. The shadow imp closely misses you.
You are too injured to fight recklessly!
You hit the shadow imp.
You kill the shadow imp!
You have reached level 2!
You start resting.
HP restored.
Found a scroll labelled RUSOEDW EHEWK.
Found a basalt altar of Yredelemnul.
Found a scroll labelled GIEM JEPEGGIRI.
Found a dagger.
Blork the orc comes into view.
He is wielding a +5 scimitar of protection and wearing a +2 robe of resistance.
Blork the orc shouts!
You enter a teleport trap!
The teleport trap disappears.
An orc comes into view. It is wielding a +0 club.
Blork the orc begins to cast a cantrip, but forgets the words!
Blork the orc attacks as he pursues you!
Blork the orc hits you with a +5 scimitar of protection!
Ouch! That really hurt!
Blork the orc screams, "I'll drink your blood!
Soon!"
Blork the orc attacks as he pursues you!
Blork the orc hits you with a +5 scimitar of protection!!
Ouch! That really hurt!
You die...

##.# ... ######..#
#. ........#
#########.# o
#.......#.#
#.#......?#.#
#.#.......#.####...
#.^..._...^........
#......@#.####.##
#.....o.#.#
#.......#.#
#.####.####.##
#............#
#..#####.#.#.# #
#.#....# ..###...+
##.. ..##


You could see Blork the orc.

Vanquished Creatures
  A shadow imp (D:5)
1 creature vanquished.

Notes
Turn   | Place    | Note
-------+----------+-------------------------------------------
     0 | D:5      | SnakkuSnakku7 the Formicid Delver began the quest for the
                  | Orb.
     0 | D:5      | Reached XP level 1. HP: 18/18 MP: 1/1
    64 | D:5      | Noticed Edmund
    81 | D:5      | Reached XP level 2. HP: 13/24 MP: 2/2
   147 | D:5      | Found a basalt altar of Yredelemnul.
   154 | D:5      | Noticed Blork the orc
   160 | D:5      | Mangled by Blork the orc

Illustrated notes

Levels and vault maps discovered:
D:5:      layout_loops_corners, lemuel_tele_altar,
          hellmonk_ghost_happy_afterlife, uniq_prince_ribbit1,
          uniq_blork_the_orc, uniq_eustachio, uniq_edmund

Action                     || total
---------------------------++-------
  Melee: Mace              ||     5
 Armour: Leather armour    ||     6
  Dodge: Dodged            ||     1
